 Dungeon Crawl Stone Soup version 0.22-a0-40-g3d2f077 (webtiles) character file.

11248 theanonym the Zephyrmancer (level 11, -15/69 HPs)
             Began as a Tengu Air Elementalist on Jan 4, 2018.
             Was an Elder of Vehumet.
             Demolished by a spiny frog (22 damage)
             ... on level 1 of the Lair of Beasts.
             The game lasted 00:46:45 (15038 turns).

theanonym the Zephyrmancer (TeAE)                  Turns: 15038, Time: 00:46:46

Health: -15/69     AC:  9    Str:  9    XL:     11   Next: 74%
Magic:  7/19       EV: 15    Int: 23    God:    Vehumet [****..]
Gold:   362        SH:  7    Dex: 17    Spells: 1/20 levels left

rFire    . . .     SeeInvis .   a - +4 dagger
rCold    + . .     Gourm    .   h - +2 buckler
rNeg     . . .     Faith    +   z - +1 leather armour {rC+} {4}
rPois    +         Spirit   .   (helmet restricted)
rElec    .         Reflect  .   p - +0 cloak
rCorr    .         Harm     .   i - +2 pair of gloves {Dex+3}
MR       +....                  (boots unavailable)
Stlth    ++........             l - amulet "Upsecear" {Faith Int+4}
HPRegen  0.21/turn              A - ring of protection from magic {MR+}
MPRegen  0.16/turn              n - ring of poison resistance {rPoisrPois}

@: no status effects
A: beak, talons 3, able to fly 1
a: Fly, Renounce Religion


Innate Abilities, Weirdness & Mutations

You have a beak for a mouth.
You have claws for feet.
You can fly.


   Skills:
 + Level 8.6 Fighting
 - Level 5.0 Armour
 + Level 5.9 Dodging
 - Level 2.0 Stealth
 - Level 4.2 Shields
 - Level 5.1 Spellcasting
 - Level 10.0 Conjurations
 + Level 13.6 Air Magic


You had one spell level left.
You knew the following spells:

 Your Spells              Type           Power        Failure   Level  Hunger
a - Shock                 Conj/Air       ####         1%          1    None
b - Static Discharge      Conj/Air       ######..     1%          3    ##.....
c - Lightning Bolt        Conj/Air       ######....   1%          5    #####..
d - Conjure Flame         Conj/Fire      ####....     1%          3    ##.....
e - Airstrike             Air            ######....   1%          4    ####...
r - Regeneration          Chrm/Necr      #.........   36%         3    ##.....

Skill      XL: |  1  2  3  4  5  6  7  8  9 10 11 |
---------------+----------------------------------+-----
Conjurations   | 2 3 4 5 6 8 9 10 | 10.0
Air Magic      | 5 6 8 10 12 13 | 13.6
Spellcasting   | 3 5 |  5.1
Armour         | 2 4 5 |  5.0
Shields        | 1 4 |  4.2
Fighting       | 2 3 6 8 |  8.6
Dodging        | 3 5 |  5.9
Stealth        | |  2.0

Action                   |  1- 3 |  4- 6 |  7- 9 | 10-12 || total
-------------------------+-------+-------+-------+-------++-------
Melee: Unarmed           |    25 |       |       |       ||    25
       Kick              |     4 |    30 |    56 |    16 ||   106
       Peck              |     3 |    17 |    24 |    13 ||    57
       Dagger            |     2 |   104 |   156 |    47 ||   309
Throw: Throwing net      |       |     1 |     6 |     2 ||     9
 Cast: Shock             |    57 |    67 |   237 |   119 ||   480
       Airstrike         |       |     3 |     9 |     4 ||    16
       Static Discharge  |       |     7 |    10 |    33 ||    50
       Lightning Bolt    |       |       |     2 |    22 ||    24
       Conjure Flame     |       |       |       |     3 ||     3
 Abil: Fly               |       |     5 |    11 |    15 ||    31
Evoke: Wand              |       |     1 |     2 |     7 ||    10
  Use: Scroll            |       |     9 |    11 |     5 ||    25
       Potion            |       |       |       |     2 ||     2
 Stab: Sleeping          |     2 |     6 |     2 |       ||    10
       Paralysed         |       |       |     4 |     3 ||     7
       Held in net/web   |       |       |     2 |     1 ||     3
  Eat: Chunk             |     2 |     8 |    15 |    10 ||    35
       Ration            |       |     2 |     2 |     4 ||     8
Armor: Robe              |     9 |    11 |       |       ||    20
       Leather armour    |       |    10 |    30 |    13 ||    53
Dodge: Dodged            |    26 |    74 |    72 |    59 ||   231
Block: Buckler           |       |    10 |    63 |    37 ||   110

Inventory:

Hand Weapons
 a - a +4 dagger (weapon)
   (You took it off a kobold on level 2 of the Dungeon)
 q - a +2 dagger of venom
   (You found it on level 1 of the Lair of Beasts)
 C - a +3 short sword
   (You took it off a kobold on level 7 of the Dungeon)
Missiles
 m - 3 throwing nets (quivered)
Armour
 h - a +2 buckler (worn)
   (You took it off a goblin on level 2 of the Dungeon)
 i - a +2 pair of gloves of dexterity (worn)
   (You found it on level 2 of the Dungeon)
 p - a +0 cloak (worn)
   (You found it on level 4 of the Dungeon)
 z - a +1 leather armour of cold resistance (worn) {4}
   (You took it off Joseph on level 7 of the Dungeon)
Jewellery
 j - an uncursed ring of protection from fire {rF+}
   (You found it on level 3 of the Dungeon)
 l - the amulet "Upsecear" (around neck) {Faith Int+4}
   (You found it on level 8 of the Dungeon)

   [amulet of faith]

   It allows you to gain divine favour quickly.
   It affects your intelligence (+4).
 n - a ring of poison resistance (right hand) {rPoisrPois}
   (You found it on level 1 of the Dungeon)
 A - a ring of protection from magic (left hand) {MR+}
   (You took it off an orc on level 7 of the Dungeon)
Wands
 c - a wand of clouds (4)
   (You found it on level 4 of the Dungeon)
 d - a wand of digging (24)
   (You found it on level 8 of the Dungeon)
 u - a wand of iceblast (3)
   (You found it on level 5 of the Dungeon)
Scrolls
 k - a scroll of amnesia
 r - 2 scrolls of identify
 t - 3 scrolls of teleportation {!r}
 y - 2 scrolls of enchant armour
 E - a scroll of fear
 F - a scroll of holy word
 G - a scroll of torment {unknown}
Potions
 f - 2 potions of resistance {rF+ rC+}
 g - a potion of mutation
 o - a potion of ambrosia
 s - a potion of brilliance
 v - a potion of flight {unknown}
 w - 2 potions of curing
 x - a potion of might {unknown}
 B - a potion of cancellation {unknown}
Books
 b - a book of Air
 D - a book of Battle
   (You found it on level 1 of the Lair of Beasts)
Comestibles
 e - 7 rations


You were on level 1 of the Lair of Beasts.
You worshipped Vehumet.
Vehumet was greatly pleased with you.
You were not hungry.

You visited 3 branches of the dungeon, and saw 10 of its levels.

You collected 586 gold pieces.
You spent 224 gold pieces at shops.

Dungeon Overview and Level Annotations

Branches:
Dungeon (8/15)             Temple (1/1) D:4            Lair (1/6) D:8

Altars:
Ashenzari
Cheibriados
Elyvilon
Gozag
Hepliaklqana
Makhleb
Okawaru
Qazlal
Ru
Trog
Uskayaw
Vehumet
Xom
Zin

Shops:
D:8 [?%

Annotations:
D:1 dig

..........................##'###
###.#.#.###F..#########....#.###
#.###..###...#########...#.....
#............#..)...##...#.....
#.......##...##.....P#....#....
........##...##......#...##....
#.......##....#.....#....##....
##########...F......##...##....
#P....@.##.###...#####.
.......#.#.#.#P....#P.###
..........................
#.####.############.####.# ##
### ### ###


You could see 2 spiny frogs.

Notes
Turn   | Place    | Note
-------+----------+-------------------------------------------
     0 | D:1      | theanonym the Tengu Air Elementalist began the quest for the Orb.
     0 | D:1      | Reached XP level 1. HP: 10/10 MP: 4/4
    16 | D:1      | HP: 5/10 [jackal (2)]
   207 | D:1      | Reached skill level 2 in Conjurations
   241 | D:1      | Reached XP level 2. HP: 15/15 MP: 3/6
   804 | D:1      | Reached XP level 3. HP: 19/19 MP: 2/7
   809 | D:1      | Learned a level 3 spell: Static Discharge
   853 | D:1      | Reached skill level 3 in Conjurations
  1328 | D:1      | HP: 9/19 [jackal (1)]
  1333 | D:1      | HP: 5/19 [jackal (2)]
  1837 | D:2      | Reached XP level 4. HP: 24/24 MP: 4/8
  1947 | D:2      | Learned a level 4 spell: Airstrike
  1995 | D:2      | Found a hazy altar of Hepliaklqana.
  2040 | D:2      | Found a glowing silver altar of Zin.
  2040 | D:2      | Found an opulent altar of Gozag.
  2086 | D:2      | Found a shimmering altar of Xom.
  2414 | D:3      | Reached skill level 4 in Conjurations
  2499 | D:3      | Reached skill level 5 in Air Magic
  2499 | D:3      | Gained mutation: You can fly. [Tengu growth]
  2499 | D:3      | Reached XP level 5. HP: 28/28 MP: 0/10
  3276 | D:3      | Reached skill level 3 in Spellcasting
  3451 | D:4      | Reached skill level 5 in Conjurations
  3847 | D:4      | Found a staircase to the Ecumenical Temple.
  3856 | Temple   | Entered the Ecumenical Temple
  3909 | Temple   | Became a worshipper of Vehumet
  4010 | D:4      | Reached XP level 6. HP: 31/32 MP: 11/11
  4056 | D:4      | Reached skill level 1 in Armour
  4251 | D:4      | Noticed a phantom
  4261 | D:4      | Killed a phantom
  4261 | D:4      | Reached skill level 6 in Conjurations
  4261 | D:4      | Reached skill level 6 in Air Magic
  4725 | D:4      | Found a shimmering altar of Xom.
  4725 | D:4      | Found a shattered altar of Ashenzari.
  4727 | D:4      | Found a stormy altar of Qazlal.
  4727 | D:4      | Found a burning altar of Makhleb.
  4729 | D:4      | Found a sacrificial altar of Ru.
  4729 | D:4      | Found a white marble altar of Elyvilon.
  4835 | D:5      | Entered Level 5 of the Dungeon
  4864 | D:5      | Reached skill level 2 in Armour
  4939 | D:5      | Reached skill level 1 in Shields
  5065 | D:5      | Reached XP level 7. HP: 29/36 MP: 2/12
  5165 | D:5      | Reached skill level 2 in Shields
  5282 | D:5      | HP: 15/36 [gnoll shaman/club (7)]
  5300 | D:5      | HP: 16/36 [gnoll shaman/club (1)]
  5311 | D:5      | HP: 9/36 [gnoll shaman/club (8)]
  5319 | D:4      | HP: 7/36 [gnoll shaman/club (3)]
  5472 | D:4      | Reached skill level 3 in Armour
  5565 | D:5      | Reached skill level 3 in Shields
  5882 | D:5      | Reached * piety under Vehumet
  5882 | D:5      | Offered knowledge of Sting by Vehumet.
  5989 | D:5      | Reached skill level 4 in Shields
  6042 | D:5      | Reached skill level 4 in Armour
  6061 | D:5      | Reached XP level 8. HP: 40/41 MP: 0/13
  6613 | D:5      | Learned a level 5 spell: Lightning Bolt
  7334 | D:6      | HP: 20/41 [orc warrior/morningstar (21)]
  7352 | D:6      | Reached skill level 7 in Air Magic
  7353 | D:6      | HP: 15/41 [orc/morningstar (7)]
  7354 | D:6      | Offered knowledge of Flame Tongue by Vehumet.
  7576 | D:6      | Reached skill level 5 in Armour
  7576 | D:6      | Reached skill level 7 in Conjurations
  7577 | D:6      | Reached ** piety under Vehumet
  7727 | D:6      | Reached skill level 1 in Fighting
  7944 | D:6      | Noticed Sigmund
  7947 | D:6      | Killed Sigmund
  7947 | D:6      | Reached skill level 2 in Fighting
  8053 | D:6      | Found a snail-covered altar of Cheibriados.
  8418 | D:7      | Reached skill level 8 in Air Magic
  8424 | D:7      | Offered knowledge of Searing Ray by Vehumet.
  8523 | D:7      | Noticed Joseph
  8543 | D:7      | Killed Joseph
  8543 | D:7      | Reached skill level 3 in Dodging
  8543 | D:7      | Reached skill level 8 in Conjurations
  8543 | D:7      | Reached XP level 9. HP: 46/49 MP: 4/14
  8740 | D:7      | Noticed Torax's ghost (novice OpMo)
  8795 | D:7      | Killed Torax's ghost
  8795 | D:7      | Reached skill level 4 in Dodging
  8795 | D:7      | Reached skill level 9 in Conjurations
  8795 | D:7      | Reached skill level 9 in Air Magic
  9114 | D:7      | Reached *** piety under Vehumet
  9283 | D:7      | Reached skill level 5 in Dodging
  9307 | D:7      | Reached skill level 3 in Fighting
  9893 | D:7      | Found an iron altar of Okawaru.
 10189 | D:8      | Got a slimy graven amulet
 10190 | D:8      | Identified the amulet "Upsecear" {Faith Int+4} (You found it on level 8 of the Dungeon)
 10233 | D:8      | Reached skill level 10 in Air Magic
 10305 | D:8      | Found Koirghiph's Magic Scroll Boutique.
 10316 | D:8      | Bought a scroll of teleportation for 48 gold pieces
 10316 | D:8      | Bought a scroll of identify for 32 gold pieces
 10316 | D:8      | Bought a scroll of fear for 56 gold pieces
 10316 | D:8      | Bought a scroll of fear for 56 gold pieces
 10316 | D:8      | Bought a scroll of identify for 32 gold pieces
 10340 | D:8      | Reached XP level 10. HP: 56/56 MP: 13/15
 10371 | D:8      | Reached skill level 10 in Conjurations
 10467 | D:8      | Offered knowledge of Conjure Flame by Vehumet.
 10484 | D:8      | HP: 22/56 [yak (9)]
 10489 | D:8      | Reached skill level 4 in Fighting
 10522 | D:8      | Learned a level 3 spell: Conjure Flame
 10802 | D:8      | theanonym: ??megabat
 10802 | D:8      | beem: megabat[1/3]: It is as big as a bat.
 10802 | D:8      | theanonym: ??megabat[2
 10802 | D:8      | beem: megabat[2/3]: http://twitter.com/flappitybat
 10802 | D:8      | theanonym: ??megabat[3
 10802 | D:8      | beem: megabat has played 14 games, between 2011-03-01 02:17:18 and 2011-03-29 02:27:40, won 13 (92.9%), high score 1708814, total score 17191341, total turns 1836106, play-time/day 3:32:38, total time 4d+6:46:23.
 10946 | D:8      | Reached skill level 4 in Spellcasting
 10986 | D:8      | Noticed a three-headed hydra
 11138 | D:8      | Found a staircase to the Lair.
 11193 | D:8      | HP: 22/58 [ogre/giant club (20)]
 11348 | D:8      | Killed a three-headed hydra
 11348 | D:8      | Reached skill level 5 in Fighting
 11348 | D:8      | Reached skill level 11 in Air Magic
 11563 | D:8      | Noticed a two-headed ogre
 11567 | D:8      | Killed a two-headed ogre
 11567 | D:8      | Reached skill level 5 in Spellcasting
 11676 | D:8      | Found Wiwuock's Antique Armour Boutique.
 11771 | D:8      | Reached skill level 6 in Fighting
 12044 | D:8      | Found an iron altar of Okawaru.
 12100 | D:8      | Found Qiomag's Food Emporium.
 12296 | Lair:1   | Entered Level 1 of the Lair of Beasts
 12296 | Lair:1   | Noticed a spiny frog
 12302 | Lair:1   | Noticed Harold
 12303 | Lair:1   | Noticed a spiny frog
 12309 | Lair:1   | HP: 28/60 [water moccasin (3)]
 12310 | Lair:1   | Killed a spiny frog
 12310 | Lair:1   | Reached **** piety under Vehumet
 12310 | Lair:1   | Reached skill level 12 in Air Magic
 12310 | Lair:1   | Reached XP level 11. HP: 28/66 MP: 13/19
 12316 | Lair:1   | HP: 32/66 [/static electricity (4)]
 12316 | Lair:1   | HP: 14/66 [spiny frog (18)]
 12589 | Lair:1   | Reached skill level 7 in Fighting
 12689 | Lair:1   | Killed Harold
 12697 | D:8      | HP: 30/67 [water moccasin (5)]
 12700 | D:8      | HP: 13/67 [spiny frog (13)]
 12705 | D:8      | HP: 11/67 [poisoned by a water moccasin]
 12710 | D:8      | HP: 10/67 [poisoned by a water moccasin]
 12716 | D:8      | HP: 9/67 [poisoned by a water moccasin]
 12724 | D:8      | HP: 9/67 [poisoned by a water moccasin]
 13089 | D:8      | Found Koirghiph's Magic Scroll Boutique.
 13098 | D:8      | Found a staircase to the Lair.
 13120 | D:8      | Found an iron altar of Okawaru.
 13126 | D:8      | Found Qiomag's Food Emporium.
 13373 | D:8      | Found Wiwuock's Antique Armour Boutique.
 14119 | Lair:1   | Reached skill level 13 in Air Magic
 14123 | Lair:1   | Reached skill level 8 in Fighting
 14363 | Lair:1   | Offered knowledge of Stone Arrow by Vehumet.
 14437 | Lair:1   | Learned a level 3 spell: Regeneration
 14477 | Lair:1   | Noticed a five-headed hydra
 14501 | Lair:1   | Killed a five-headed hydra
 15037 | Lair:1   | HP: 19/69 [spiny frog (16)]
 15037 | Lair:1   | HP: 9/69 [spiny frog (10)]
 15038 | Lair:1   | Demolished by a spiny frog

Vanquished Creatures
  2 hydras
  Harold (Lair:1)
  A two-headed ogre (D:8)
  The ghost of Torax the Martial Artist, a novice OpMo of Wu Jian (D:7)
  Joseph (D:7)
  2 black mambas (Lair:1)
  3 spiny frogs
  A komodo dragon (Lair:1)
  2 dream sheep (D:8)
  A hippogriff (Lair:1)
  3 blink frogs (Lair:1)
  Sigmund (D:6)
  5 yaks
  2 wargs (D:8)
  2 water moccasins
  5 porcupines
  An ice beast (D:8)
  2 orc warriors
  3 phantoms
  A black bear (D:7)
  3 ogres
  A centaur (D:8)
  2 crocodiles (Lair:1)
  4 big kobolds
  4 bullfrogs
  A scorpion (D:7)
  3 crimson imps
  A bullfrog zombie (D:6)
  A hound (D:7)
  6 orc priests
  2 jellies
  2 orc wizards
  3 centaur skeletons
  3 gnoll shamans
  3 iguanas
  4 worker ants
  A hound zombie (D:6)
  A hound skeleton (D:4)
  A worker ant zombie (D:6)
  37 gnolls (D:5)
  6 adders
  2 shadow imps
  4 oozes
  3 adder skeletons
  2 adder zombies (D:6)
  3 worms
  4 dart slugs
  3 leopard geckos
  27 orcs
  5 bats (D:1)
  5 giant cockroaches
  8 goblins
  8 hobgoblins
  32 jackals
  2 quokkas
  4 frilled lizards
  A jackal zombie (D:6)
  8 kobolds
  A leopard gecko zombie (D:7)
  8 rats
  A fungus (Lair:1)
260 creatures vanquished.

Vanquished Creatures (others)
  3 fungi (D:6)
  A plant (D:8)
4 creatures vanquished.

Grand Total: 264 creatures vanquished

Table legend:
 A = Turns spent in this place as a percentage of turns spent in the entire game.
 B = Non-inter-level travel turns spent in this place as a percentage of non-inter-level travel turns spent in the entire game.
 C = Inter-level travel turns spent in this place as a percentage of turns spent in this place.
 D = Turns resting spent in this place as a percentage of non-inter-level travel turns spent in this place.
 E = Turns spent auto-exploring this place as a percentage of non-inter-level travel turns spent in this place.
 F = Non-inter-level travel turns spent in this place divided by the number of levels of this place that you've seen.
                   A       B       C       D       E      F
               +-------+-------+-------+-------+-------+----------------------
         Total | 100.0 | 100.0 |   4.2 |  43.5 |  41.7 | 1440.0
       Dungeon |  91.9 |  91.8 |   4.3 |  43.8 |  41.6 | 1652.6
        Temple |   0.5 |   0.3 |  47.4 |   0.0 |  95.1 |  41.0
          Lair |   7.6 |   7.9 |   0.0 |  41.1 |  41.7 | 1138.0
               +-------+-------+-------+-------+-------+----------------------
